 Seeded DCSS version 0.27-a0-263-gc8dee61f84 (webtiles) character file.

Game seed: 2290999928487 (custom seed)

90 muata the Vandal (level 4, 0/29 HPs)
             Began as a Halfling Hunter on Feb 4, 2021.
             Slain by a gnoll
             ... wielding a +0 spear of flaming
              (1 damage)
             ... on level 2 of the Dungeon.
             The game lasted 00:08:15 (2071 turns).

muata the Vandal (Halfling Hunter)                  Turns: 2071, Time: 00:08:17

Health: 0/29       AC:  4    Str: 13    XL:     4   Next: 85%
Magic:  4/4        EV: 16    Int:  9    God:
Gold:   102        SH:  0    Dex: 21    Spells: 3/3 levels left

rFire    . . .     SeeInvis .   q - +0 dagger (curse)
rCold    . . .     Faith    .   (shield restricted)
rNeg     . . .     Spirit   .   c - +0 leather armour
rPois    .         Reflect  .   l - +0 helmet (curse)
rElec    .         Harm     .   (no cloak)
rCorr    .         Rampage  .   (no gloves)
Will     .....                  (no boots)
Stlth    ++........             (no amulet)
HPRegen  0.09/turn              i - +6 ring of dexterity
MPRegen  0.09/turn              (no ring)

@: no status effects
A: small, mutation resistance 1
a: no special abilities


You were on level 2 of the Dungeon.
You visited 1 branch of the dungeon, and saw 2 of its levels.

You collected 102 gold pieces.

Inventory:

Hand Weapons
 a - a +1 hunting sling
 b - a +0 short sword
 q - a cursed +0 dagger (weapon)
Missiles
 d - 18 sling bullets
 e - 18 stones
 g - 5 boomerangs (quivered)
Armour
 c - a +0 leather armour (worn)
 k - a +0 helmet
 l - a cursed +0 helmet (worn)
Jewellery
 i - a +6 ring of dexterity (left hand)
 p - a cursed ring of attention
Scrolls
 f - a scroll of enchant armour {unknown}
 j - a scroll of teleportation
 n - a scroll of noise {unknown}
 o - a scroll of immolation {unknown}
 r - a scroll of remove curse {unknown}
Potions
 m - a potion of curing {unknown}


   Skills:
 - Level 1.7 Fighting
 + Level 6.5 Slings
 + Level 1.9 Armour
 + Level 3.2 Dodging
 + Level 2.6 Stealth


You had 3 spell levels left.
You didn't know any spells.
Your spell library was empty.

Dungeon Overview and Level Annotations

Branches:
Dungeon (2/15)

Altars:
Ashenzari
Cheibriados
Dithmenos


Innate Abilities, Weirdness & Mutations

You are small and have problems with some larger weapons.
You are somewhat resistant to further mutation.


Message History

The gnoll is lightly wounded.
The gnoll completely misses you. The gnoll hits you with a +0 whip.
The gnoll hits you with a +0 spear of flaming.
* * * LOW HITPOINT WARNING * * *
The gnoll burns you.
* * * LOW HITPOINT WARNING * * *
You barely miss the gnoll.
The gnoll is moderately wounded.
The gnoll barely misses you. The gnoll misses you.
You hit the gnoll.
The gnoll is heavily wounded.
The gnoll barely misses you. x2
You closely miss the gnoll.
The gnoll is heavily wounded.
The gnoll closely misses you.
The gnoll hits you with a +0 spear of flaming.
* * * LOW HITPOINT WARNING * * *
The gnoll burns you.
You die...

.≈..g.. ###...#..>
..≈≈... #........#
..g....
###.##.###.#
....... ###.....##
##.
.......#.##....##
##
.........##....# #
.........##..[.##
##
#######.###.....##
##. #.@g.#
######.###.#
#g######## ##...##
#.##.....######.##
##.##.#..........#
#.#.....#..##.####
##.##.#.#..##.#
####.#....##.#
#.....###.#
###.#####.#


You could see 2 gnolls.

Vanquished Creatures
  3 adders (D:2)
  2 gnolls (D:2)
  A worm (D:2)
  A leopard gecko (D:1)
  4 bats
  5 giant cockroaches
  4 goblins
  5 hobgoblins (D:1)
  A quokka (D:2)
  3 frilled lizards
  4 kobolds
  5 rats
38 creatures vanquished.

Notes
Turn   | Place    | Note
-------+----------+-------------------------------------------
     0 | D:1      | muata the Halfling Hunter began the quest for the Orb.
     0 | D:1      | Reached XP level 1. HP: 14/14 MP: 1/1
   214 | D:1      | Reached skill level 6 in Slings
   214 | D:1      | Reached XP level 2. HP: 11/19 MP: 2/2
   734 | D:1      | Reached skill level 1 in Armour
   845 | D:1      | Reached XP level 3. HP: 24/24 MP: 3/3
  1166 | D:2      | Found a snail-covered altar of Cheibriados.
  1166 | D:2      | Found a broken altar of Ashenzari.
  1166 | D:2      | Found a shadowy altar of Dithmenos.
  1274 | D:2      | Reached XP level 4. HP: 12/29 MP: 4/4
  2071 | D:2      | HP: 1/29 [gnoll/+0 spear of flaming (2)]
  2071 | D:2      | Slain by a gnoll

Illustrated notes

Levels and vault maps discovered:
D:1:      dpeg_arrival_concentric_ovals, layout_loops_ring
D:2:      cheibrodos_helix_gallery, layout_loops_cross,
          chequers_temple_overflow_statue_of_worship, uniq_sigmund

Skill      XL: |  1  2  3 |
---------------+----------+-----
Slings         | 6 |  6.5
Armour         | 1 |  1.9
Stealth        | 2 |  2.6
Dodging        | 3 |  3.2
Fighting       | |  1.7

Action                   |  1- 3 |  4- 6 || total
-------------------------+-------+-------++-------
Melee: Short sword       |    82 |       ||    82
       Dagger            |    25 |    66 ||    91
 Fire: Hunting sling     |     9 |       ||     9
Throw: Stone             |     3 |       ||     3
       Boomerang         |    19 |    19 ||    38
  Use: Scroll            |       |     3 ||     3
 Stab: Sleeping          |     1 |       ||     1
Armor: Leather armour    |    41 |    13 ||    54
Dodge: Dodged            |   110 |    62 ||   172

Table legend: (Time is in decaauts)
 A = Elapsed time spent in this place.
 B = Non-inter-level travel time spent in this place.
 C = Inter-level travel time spent in this place.
 D = Time resting spent in this place.
 E = Time spent auto-exploring this place.
 F = Levels seen in this place.
 G = Mean time per level.
                   A        B        C        D        E       F      G
               +--------+--------+--------+--------+--------+-----+--------+
         Total |   2081 |   2006 |     75 |    541 |    855 |   2 | 1040.5 |
       Dungeon |   2081 |   2006 |     75 |    541 |    855 |   2 | 1040.5 |
               +--------+--------+--------+--------+--------+-----+--------+

Top non-repeatable levels by time:
     D:1: 1102 daAuts
     D:2: 979 daAuts
